TOP OF THE 1ST |
Cincinnati (NYP) Reds batting - Pitching for Eugene Emeralds : LHP Bernard Grose
|
Pitching: LHP Bernard Grose
|
|
Batting: RHB Eric Sullivan
|
0-0: Ball 1-0: Ball 2-0: Ball 3-0: Base on Balls
|
Batting: RHB Kagetoki Kawai
|
0-0: Ball 1-0: Ball Eric Sullivan steals 2nd base 2-0: Ball 3-0: Called Strike 3-1: Called Strike 3-2: Strikes out swinging
|
Batting: RHB Jonathan Robies
|
0-0: Ball 1-0: Foul Ball, location: 2F 1-1: Ball 2-1: Ball 3-1: Base on Balls
|
Batting: RHB Pat McCoy
|
0-0: Ball Eric Sullivan steals 3rd base 1-0: Ball 2-0: Ball 3-0: Base on Balls Jonathan Robies to second
|
Pitching: RHP Mark Duffy
|
|
Batting: RHB Ben Hinman
|
0-0: Foul Ball, location: 2F 0-1: Ball 1-1: Foul Ball, location: 2F 1-2: Fielders Choice at 2nd, 6-4 (Groundball, 6, EV 90.6 MPH) Eric Sullivan scores Jonathan Robies to third
|
Batting: RHB Frank Moron
|
0-0: Ball 1-0: Ball 2-0: Swinging Strike 2-1: Ground out 3-1 (Groundball, 34, EV 78.8 MPH)
|
Top of the 1st over - 1 run, 0 hits, 0 errors, 2 left on base; Cincinnati (NYP) 1 - Eugene 0 |
BOTTOM OF THE 1ST |
Eugene Emeralds batting - Pitching for Cincinnati (NYP) Reds : RHP Jesus Gallegos
|
Pitching: RHP Jesus Gallegos
|
|
Batting: RHB Andy Huntley
|
0-0: Ball 1-0: Called Strike 1-1: Foul Ball, location: 2F 1-2: Ball 2-2: Strikes out looking
|
Batting: RHB Du Kim
|
0-0: Ball 1-0: Foul Ball, location: 2F 1-1: Ball 2-1: Called Strike 2-2: Strikes out swinging
|
Batting: RHB Taylor Garofalo
|
0-0: Called Strike 0-1: Ball 1-1: Ball 2-1: Ground out 4-3 (Groundball, 4, EV 78.1 MPH)
|
Bottom of the 1st over - 0 runs, 0 hits, 0 errors, 0 left on base; Cincinnati (NYP) 1 - Eugene 0 |
TOP OF THE 2ND |
Cincinnati (NYP) Reds batting - Pitching for Eugene Emeralds : RHP Mark Duffy
|
Batting: SHB Alex Morales
|
0-0: Ball 1-0: Ball 2-0: Fly out, F7 (Flyball, 7D, EV 84.4 MPH)
|
Batting: RHB Matt Silva
|
0-0: Ball 1-0: Foul Ball, location: 2F 1-1: Foul Ball, location: 2F 1-2: Strikes out swinging
|
Batting: LHB Akira Yamano
|
0-0: Ball 1-0: Foul Ball, location: 2F 1-1: Ground out 3-1 (Groundball, 34S, EV 84.4 MPH)
|
Top of the 2nd over - 0 runs, 0 hits, 0 errors, 0 left on base; Cincinnati (NYP) 1 - Eugene 0 |
BOTTOM OF THE 2ND |
Eugene Emeralds batting - Pitching for Cincinnati (NYP) Reds : RHP Jesus Gallegos
|
Batting: RHB Leonardo Nava
|
0-0: Swinging Strike 0-1: Ball 1-1: Swinging Strike 1-2: Ball 2-2: Ball 3-2: Strikes out swinging
|
Batting: RHB Ryan Bush
|
0-0: Ball 1-0: Ball 2-0: Called Strike 2-1: Swinging Strike 2-2: Strikes out swinging
|
Batting: RHB Ricardo Aguinaga
|
0-0: Swinging Strike 0-1: Ball 1-1: Ball 2-1: Ball 3-1: SINGLE (Line Drive, 6M, EV 98.1 MPH)
|
Batting: RHB Bill Holmes
|
0-0: Ball 1-0: Foul Ball, location: 2F 1-1: Fly out, F6 (Popup, 56, EV 57.5 MPH)
|
Bottom of the 2nd over - 0 runs, 1 hit, 0 errors, 1 left on base; Cincinnati (NYP) 1 - Eugene 0 |
TOP OF THE 3RD |
Cincinnati (NYP) Reds batting - Pitching for Eugene Emeralds : RHP Mark Duffy
|
Pitching: LHP Virgílio Beyfus
|
|
Batting: RHB Eric Sullivan
|
0-0: Ball 1-0: Ball 2-0: Ball 3-0: Base on Balls
|
Batting: RHB Kagetoki Kawai
|
0-0: Ball 1-0: Ball 2-0: Called Strike 2-1: Ball 3-1: Foul Ball, location: 2F 3-2: Fielders Choice at 2nd, 6-4 (Groundball, 56, EV 79.4 MPH)
|
Batting: RHB Jonathan Robies
|
0-0: Ball 1-0: Called Strike 1-1: SINGLE (Flyball, 9LS, EV 92.5 MPH) Kagetoki Kawai to second Runner from 2nd tries for 3rd, OUT! 9-5
|
Batting: RHB Pat McCoy
|
0-0: Ball 1-0: Called Strike 1-1: Called Strike 1-2: Ball 2-2: Strikes out swinging
|
Top of the 3rd over - 0 runs, 1 hit, 0 errors, 1 left on base; Cincinnati (NYP) 1 - Eugene 0 |
BOTTOM OF THE 3RD |
Eugene Emeralds batting - Pitching for Cincinnati (NYP) Reds : RHP Jesus Gallegos
|
Batting: RHB Jerry Blas
|
0-0: Ball 1-0: Swinging Strike 1-1: Foul Ball, location: 2F 1-2: Ball 2-2: Foul Ball, location: 2F 2-2: Strikes out swinging
|
Batting: RHB Jake Mitchell
|
0-0: Ball 1-0: Ground out 6-3 (Groundball, 6, EV 86.2 MPH)
|
Batting: RHB Andy Huntley
|
0-0: Swinging Strike 0-1: Fly out, F8 (Line Drive, 8RM, EV 100.6 MPH)
|
Bottom of the 3rd over - 0 runs, 0 hits, 0 errors, 0 left on base; Cincinnati (NYP) 1 - Eugene 0 |
TOP OF THE 4TH |
Cincinnati (NYP) Reds batting - Pitching for Eugene Emeralds : LHP Virgílio Beyfus
|
Pitching: LHP Jose Urena
|
|
Batting: RHB Ben Hinman
|
0-0: Ball 1-0: Ball 2-0: Ball 3-0: Called Strike 3-1: Hit by Pitch
|
Batting: RHB Frank Moron
|
0-0: Swinging Strike 0-1: DOUBLE (Flyball, 8RXD, EV 111.2 MPH) Ben Hinman to third
|
Batting: SHB Alex Morales
|
0-0: Foul Ball, location: 2F 0-1: Called Strike 0-2: Ball 1-2: Ball 2-2: Ball 3-2: Foul Ball, location: 2F 3-2: Foul Ball, location: 2F 3-2: Foul Ball, location: 2F 3-2: Foul Ball, location: 2F 3-2: Foul Ball, location: 2F 3-2: Foul Ball, location: 2F 3-2: Foul Ball, location: 2F 3-2: SINGLE (Groundball, 6D, EV 106.2 MPH) Ben Hinman scores Frank Moron to third
|
Pitching: RHP Karl Stuart
|
|
Batting: RHB Matt Silva
|
0-0: Called Strike 0-1: Ball 1-1: Foul Ball, location: 2F 1-2: Strikes out swinging
|
Batting: LHB Akira Yamano
|
0-0: Called Strike Alex Morales steals 2nd base 0-1: Called Strike 0-2: Ball Wild Pitch! Frank Moron scores Alex Morales to third 1-2: Ball 2-2: Ball 3-2: Foul Ball, location: 2F 3-2: Foul Ball, location: 2F 3-2: SINGLE (Groundball, 6D, EV 104.4 MPH) Alex Morales scores
|
Batting: RHB Eric Sullivan
|
0-0: Called Strike 0-1: Ball 1-1: Foul Ball, location: 2F 1-2: Foul Ball, location: 2F 1-2: SINGLE (Line Drive, 7S, EV 91.2 MPH) Akira Yamano to second
|
Batting: RHB Kagetoki Kawai
|
0-0: Ball Akira Yamano steals 3rd base Eric Sullivan to second 1-0: Called Strike 1-1: Foul Ball, location: 2F 1-2: TRIPLE (Flyball, 89XD, EV 104.4 MPH) Akira Yamano scores Eric Sullivan scores
|
Pitching: LHP Neal Brody
|
|
Batting: RHB Jonathan Robies
|
0-0: Ball 1-0: Ball 2-0: Called Strike 2-1: Foul Ball, location: 2F 2-2: Strikes out swinging
|
Batting: RHB Pat McCoy
|
0-0: Called Strike 0-1: SINGLE (Flyball, 89S, EV 96.2 MPH) Kagetoki Kawai scores
|
Batting: RHB Ben Hinman
|
0-0: Ball 1-0: Swinging Strike 1-1: Ball 2-1: Ball 3-1: Foul Ball, location: 2F 3-2: Ground out 6-3 (Groundball, 6S, EV 91.2 MPH)
|
Top of the 4th over - 6 runs, 6 hits, 0 errors, 1 left on base; Cincinnati (NYP) 7 - Eugene 0 |
BOTTOM OF THE 4TH |
Eugene Emeralds batting - Pitching for Cincinnati (NYP) Reds : RHP Jesus Gallegos
|
Batting: RHB Du Kim
|
0-0: Swinging Strike 0-1: Ball 1-1: Ball 2-1: Called Strike 2-2: Ball 3-2: Strikes out looking
|
Batting: RHB Taylor Garofalo
|
0-0: Hit by Pitch
|
Batting: RHB Leonardo Nava
|
0-0: Called Strike 0-1: Ball 1-1: Ball 2-1: Foul Ball, location: 2F 2-2: Foul Ball, location: 2F 2-2: Ball 3-2: Strikes out swinging
|
Batting: RHB Ryan Bush
|
0-0: Ball 1-0: Called Strike 1-1: Called Strike 1-2: Ball 2-2: Fielders Choice at 2nd, 6-4 (Groundball, 6, EV 85.0 MPH)
|
Bottom of the 4th over - 0 runs, 0 hits, 0 errors, 1 left on base; Cincinnati (NYP) 7 - Eugene 0 |
TOP OF THE 5TH |
Cincinnati (NYP) Reds batting - Pitching for Eugene Emeralds : LHP Neal Brody
|
Batting: RHB Frank Moron
|
0-0: Called Strike 0-1: Fly out, F5 (Popup, 5SF, EV 84.4 MPH)
|
Batting: SHB Alex Morales
|
0-0: Ball 1-0: Ball 2-0: Foul Ball, location: 2F 2-1: Ball 3-1: SINGLE (Groundball, 25, EV 70.0 MPH) (infield hit)
|
Batting: RHB Matt Silva
|
0-0: Ball 1-0: Foul Ball, location: 2F 1-1: SINGLE (Groundball, 6MD, EV 101.2 MPH) Alex Morales to second
|
Batting: LHB Akira Yamano
|
0-0: Ball 1-0: Called Strike 1-1: Ball 2-1: Ball 3-1: Base on Balls Alex Morales to third Matt Silva to second
|
Batting: RHB Eric Sullivan
|
0-0: Ball 1-0: Foul Ball, location: 2F 1-1: Ball 2-1: Foul Ball, location: 2F 2-2: Strikes out looking
|
Batting: RHB Kagetoki Kawai
|
0-0: SINGLE (Groundball, 6MD, EV 97.5 MPH) Alex Morales scores Matt Silva to third Akira Yamano to second Runner from 3rd tries for Home, SAFE, throw by CF to home
|
Batting: RHB Jonathan Robies
|
0-0: Ball 1-0: Called Strike 1-1: Swinging Strike 1-2: Foul Ball, location: 2F 1-2: Fielders Choice at 2nd, 6-4 (Groundball, 6, EV 85.6 MPH)
|
Top of the 5th over - 2 runs, 3 hits, 0 errors, 2 left on base; Cincinnati (NYP) 9 - Eugene 0 |
BOTTOM OF THE 5TH |
Eugene Emeralds batting - Pitching for Cincinnati (NYP) Reds : RHP Jesus Gallegos
|
Batting: RHB Ricardo Aguinaga
|
0-0: Swinging Strike 0-1: Foul Ball, location: 2F 0-2: Strikes out swinging
|
Batting: RHB Bill Holmes
|
0-0: Ground out 4-3 (Groundball, 34, EV 101.2 MPH)
|
Batting: RHB Jerry Blas
|
0-0: Ball 1-0: Fly out, F7 (Flyball, 78S, EV 88.1 MPH)
|
Bottom of the 5th over - 0 runs, 0 hits, 0 errors, 0 left on base; Cincinnati (NYP) 9 - Eugene 0 |
TOP OF THE 6TH |
Cincinnati (NYP) Reds batting - Pitching for Eugene Emeralds : LHP Neal Brody
|
Batting: RHB Pat McCoy
|
0-0: Foul Ball, location: 2F 0-1: Ball 1-1: Ground out 4-3 (Groundball, 4, EV 106.9 MPH)
|
Batting: RHB Ben Hinman
|
0-0: Swinging Strike 0-1: Called Strike 0-2: Ball 1-2: Foul Ball, location: 2F 1-2: Ball 2-2: Foul Ball, location: 2F 2-2: Ball 3-2: Base on Balls
|
Batting: RHB Frank Moron
|
0-0: Ball Passed Ball! Ben Hinman to second 1-0: Ball 2-0: DOUBLE (Line Drive, 78D, EV 106.2 MPH) Ben Hinman scores
|
Pitching: RHP Alvaro Romero
|
|
Batting: SHB Alex Morales
|
0-0: Ball 1-0: Ball 2-0: Ball 3-0: Base on Balls
|
Batting: RHB Matt Silva
|
0-0: Called Strike 0-1: Ball 1-1: Called Strike 1-2: Grounds into double play, 6-4-3 (Groundball, 6M, EV 103.8 MPH)
|
Top of the 6th over - 1 run, 1 hit, 0 errors, 1 left on base; Cincinnati (NYP) 10 - Eugene 0 |
BOTTOM OF THE 6TH |
Eugene Emeralds batting - Pitching for Cincinnati (NYP) Reds : RHP Jesus Gallegos
|
Batting: RHB Jake Mitchell
|
0-0: Ground out 4-3 (Groundball, 4, EV 100.6 MPH)
|
Batting: RHB Andy Huntley
|
0-0: Called Strike 0-1: Called Strike 0-2: Strikes out swinging
|
Batting: RHB Du Kim
|
0-0: Ball 1-0: Foul Ball, location: 2F 1-1: Ball 2-1: Ball 3-1: Foul Ball, location: 2F 3-2: Foul Ball, location: 2F 3-2: Ground out 6-3 (Groundball, 56D, EV 103.8 MPH)
|
Bottom of the 6th over - 0 runs, 0 hits, 0 errors, 0 left on base; Cincinnati (NYP) 10 - Eugene 0 |
TOP OF THE 7TH |
Cincinnati (NYP) Reds batting - Pitching for Eugene Emeralds : RHP Alvaro Romero
|
Batting: LHB Akira Yamano
|
0-0: Foul Ball, location: 2F 0-1: Called Strike 0-2: SINGLE (Groundball, 4D, EV 98.8 MPH)
|
Pinch Hitting: RHB Jon Conklin
|
Balk! Akira Yamano to second 0-0: Ball 1-0: Foul Ball, location: 2F 1-1: Ball 2-1: Ball 3-1: Foul Ball, location: 2F 3-2: Foul Ball, location: 2F 3-2: Foul Ball, location: 2F 3-2: Base on Balls
|
Pitching: RHP Han-seung Hah
|
|
Batting: RHB Kagetoki Kawai
|
0-0: Fly out, F9 (Flyball, 89S, EV 93.8 MPH)
|
Batting: RHB Jonathan Robies
|
0-0: Called Strike 0-1: Ball 1-1: Called Strike 1-2: Fielders Choice at 3rd, U5 (Groundball, 5L, EV 78.8 MPH) Jon Conklin to second
|
Batting: RHB Pat McCoy
|
0-0: Ball 1-0: Ball 2-0: Ball 3-0: Base on Balls Jon Conklin to third Jonathan Robies to second
|
Pinch Hitting: RHB Joe Kooyers
|
0-0: Ball 1-0: Ball 2-0: Called Strike 2-1: Ball 3-1: GRAND SLAM HOME RUN (Flyball, 89XD, EV 110.0 MPH), Distance : 420 ft
|
Batting: RHB Frank Moron
|
0-0: Hit by Pitch
|
Pinch Runner at 1st Pedro Pinero:
|
|
Batting: SHB Alex Morales
|
0-0: Called Strike 0-1: Ball 1-1: SINGLE (Line Drive, 9S, EV 100.6 MPH) Pedro Pinero to second
|
Pitching: RHP Andrew Baron
|
|
Batting: RHB Matt Silva
|
0-0: Ball 1-0: Fly out, F9 (Line Drive, 9, EV 93.8 MPH)
|
Top of the 7th over - 4 runs, 3 hits, 0 errors, 2 left on base; Cincinnati (NYP) 14 - Eugene 0 |
BOTTOM OF THE 7TH |
Eugene Emeralds batting - Pitching for Cincinnati (NYP) Reds : RHP Jesus Gallegos
|
Now at 1B: Joe Kooyers
|
|
Now at 3B: Pedro Pinero
|
|
Now in LF: Logan Smith
|
|
Batting: RHB Taylor Garofalo
|
0-0: SINGLE (Groundball, 34D, EV 100.6 MPH) (infield hit)
|
Batting: RHB Leonardo Nava
|
0-0: Called Strike 0-1: Called Strike 0-2: Ball 1-2: Strikes out looking
|
Batting: RHB Ryan Bush
|
0-0: Ball 1-0: Called Strike 1-1: Foul Ball, location: 2F 1-2: Fly out, F9 (Line Drive, 9, EV 101.2 MPH)
|
Batting: RHB Ricardo Aguinaga
|
0-0: Called Strike 0-1: Ball 1-1: Swinging Strike 1-2: Ball 2-2: Ball 3-2: Strikes out swinging
|
Bottom of the 7th over - 0 runs, 1 hit, 0 errors, 1 left on base; Cincinnati (NYP) 14 - Eugene 0 |
TOP OF THE 8TH |
Cincinnati (NYP) Reds batting - Pitching for Eugene Emeralds : RHP Andrew Baron
|
Batting: LHB Akira Yamano
|
0-0: Ball 1-0: Ball 2-0: Called Strike 2-1: Ball 3-1: Ground out 4-3 (Groundball, 4, EV 107.5 MPH)
|
Batting: RHB Logan Smith
|
0-0: Ball 1-0: Called Strike 1-1: Swinging Strike 1-2: Ball 2-2: SINGLE (Groundball, 34D, EV 110.0 MPH)
|
Batting: RHB Kagetoki Kawai
|
0-0: Ball 1-0: Foul Ball, location: 2F 1-1: Called Strike 1-2: Ball 2-2: Ball 3-2: Base on Balls Logan Smith to second
|
Pitching: RHP Jonathan Ridgely
|
|
Batting: RHB Jonathan Robies
|
0-0: Ball 1-0: Swinging Strike 1-1: Ball 2-1: Foul Ball, location: 2F 2-2: Hit by Pitch Logan Smith to third Kagetoki Kawai to second
|
Batting: RHB Pat McCoy
|
0-0: Called Strike 0-1: Ball 1-1: Ball 2-1: Ball 3-1: Called Strike 3-2: SINGLE (Groundball, 4D, EV 110.0 MPH) Logan Smith scores Kagetoki Kawai to third Jonathan Robies to second Runner from 3rd tries for Home, SAFE, throw by CF to home
|
Pinch Hitting: RHB Sean Jenkinson
|
0-0: Called Strike Balk! Jonathan Robies to third Pat McCoy to second 0-1: Ground out 4-3 (Groundball, 34, EV 77.5 MPH) Jonathan Robies scores Pat McCoy to third
|
Batting: RHB Pedro Pinero
|
0-0: Ball 1-0: Ball 2-0: Ball 3-0: Base on Balls
|
Batting: SHB Alex Morales
|
0-0: SINGLE (Groundball, 4MD, EV 95.6 MPH) Pat McCoy scores Pedro Pinero to second
|
Batting: RHB Matt Silva
|
0-0: Ball 1-0: Called Strike 1-1: Fielders Choice at 2nd, 6-4 (Groundball, 6, EV 91.9 MPH)
|
Top of the 8th over - 4 runs, 3 hits, 0 errors, 2 left on base; Cincinnati (NYP) 18 - Eugene 0 |
BOTTOM OF THE 8TH |
Eugene Emeralds batting - Pitching for Cincinnati (NYP) Reds : RHP Jesus Gallegos
|
Now at 1B: Sean Jenkinson
|
|
Batting: RHB Bill Holmes
|
0-0: Swinging Strike 0-1: Ball 1-1: Ball 2-1: Ground out U3 (Groundball, 34, EV 78.1 MPH)
|
Batting: RHB Jerry Blas
|
0-0: Fly out, F8 (Line Drive, 8LM, EV 96.2 MPH)
|
Batting: RHB Jake Mitchell
|
0-0: Foul Ball, location: 2F 0-1: Ball 1-1: Ball 2-1: Foul Ball, location: 2F 2-2: Strikes out swinging
|
Bottom of the 8th over - 0 runs, 0 hits, 0 errors, 0 left on base; Cincinnati (NYP) 18 - Eugene 0 |
TOP OF THE 9TH |
Cincinnati (NYP) Reds batting - Pitching for Eugene Emeralds : RHP Jonathan Ridgely
|
Batting: LHB Akira Yamano
|
0-0: Called Strike 0-1: Swinging Strike 0-2: Ball 1-2: Foul Ball, location: 2F 1-2: Foul Ball, location: 2F 1-2: Ball 2-2: Ground out U3 (Groundball, 34S, EV 87.5 MPH)
|
Batting: RHB Logan Smith
|
0-0: Called Strike 0-1: Hit by Pitch
|
Batting: RHB Kagetoki Kawai
|
0-0: Called Strike 0-1: Fly out, F7 (Flyball, 7S, EV 93.8 MPH)
|
Batting: RHB Jonathan Robies
|
0-0: SINGLE (Line Drive, 89S, EV 106.9 MPH) Logan Smith to second
|
Batting: RHB Pat McCoy
|
0-0: Called Strike 0-1: Called Strike 0-2: SINGLE (Flyball, 89M, EV 87.5 MPH) Logan Smith to third Jonathan Robies to second
|
Pinch Hitting: RHB Ernie Noiles
|
0-0: Called Strike 0-1: Ball Wild Pitch! Logan Smith scores Jonathan Robies to third Pat McCoy to second 1-1: Foul Ball, location: 2F 1-2: Ball 2-2: SINGLE (Groundball, 56D, EV 105.0 MPH) Jonathan Robies scores Pat McCoy to third Runner from 3rd tries for Home, SAFE, throw by LF to home
|
Batting: RHB Pedro Pinero
|
0-0: Ball 1-0: Ball 2-0: Ball 3-0: Base on Balls Ernie Noiles to second
|
Batting: SHB Alex Morales
|
0-0: Called Strike 0-1: Fly out, F8 (Flyball, 89D, EV 108.8 MPH)
|
Top of the 9th over - 3 runs, 3 hits, 0 errors, 2 left on base; Cincinnati (NYP) 21 - Eugene 0 |
BOTTOM OF THE 9TH |
Eugene Emeralds batting - Pitching for Cincinnati (NYP) Reds : RHP Jesus Gallegos
|
Now at 1B: Ernie Noiles
|
|
Batting: RHB Andy Huntley
|
0-0: DOUBLE (Groundball, 5L, EV 106.9 MPH)
|
Batting: RHB Du Kim
|
0-0: Ball 1-0: Fly out, F9 (Flyball, 9LS, EV 90.0 MPH)
|
Batting: RHB Taylor Garofalo
|
0-0: Ball 1-0: Foul Ball, location: 2F 1-1: Ball 2-1: Foul Ball, location: 2F 2-2: Ball 3-2: Strikes out looking
|
Batting: RHB Leonardo Nava
|
0-0: Swinging Strike 0-1: Swinging Strike 0-2: Strikes out looking
|
Bottom of the 9th over - 0 runs, 1 hit, 0 errors, 1 left on base; Cincinnati (NYP) 21 - Eugene 0 |
|